TOP OF THE 1ST |
California State University at Fullerton Titans batting - Pitching for University of Miami Hurricanes : LHP Richard Anderson
|
Pitching: LHP Richard Anderson
|
|
Batting: RHB Ken Hillman
|
0-0: Ball 1-0: Ball 2-0: Foul Ball, location: 2F 2-1: Fly out, F7 (Line Drive, 7, EV 92.5 MPH)
|
Batting: RHB Zach Warwick
|
0-0: Swinging Strike 0-1: Bunt missed! 0-2: Ball 1-2: Strikes out looking
|
Batting: LHB Carlos Guadarrama
|
0-0: Ball 1-0: DOUBLE (Groundball, 3L, EV 105.0 MPH)
|
Batting: RHB Brian Stacey
|
0-0: Called Strike 0-1: Called Strike 0-2: Fly out, F7 (Flyball, 78M, EV 89.4 MPH)
|
Top of the 1st over - 0 runs, 1 hit, 0 errors, 1 left on base; California State University at Fullerton 0 - University of Miami 0 |
BOTTOM OF THE 1ST |
University of Miami Hurricanes batting - Pitching for California State University at Fullerton Titans : RHP Nelson Araujo
|
Pitching: RHP Nelson Araujo
|
|
Batting: LHB Hector Salazar
|
0-0: Called Strike 0-1: Ball 1-1: Ball 2-1: Ball 3-1: Base on Balls
|
Batting: LHB Juan Zuniga
|
0-0: Called Strike 0-1: Called Strike 0-2: Foul Ball, location: 2F 0-2: Strikes out swinging
|
Batting: SHB Taylor Shelton
|
0-0: Ball 1-0: Called Strike 1-1: Grounds into double play, 6-4-3 (Groundball, 6, EV 93.8 MPH)
|
Bottom of the 1st over - 0 runs, 0 hits, 0 errors, 0 left on base; California State University at Fullerton 0 - University of Miami 0 |
TOP OF THE 2ND |
California State University at Fullerton Titans batting - Pitching for University of Miami Hurricanes : LHP Richard Anderson
|
Batting: SHB Jonathan Jacob
|
0-0: Called Strike 0-1: Ball 1-1: Swinging Strike 1-2: Foul Ball, location: 2F 1-2: Ball 2-2: Strikes out swinging
|
Batting: LHB Jim Snell
|
0-0: Foul Ball, location: 2F 0-1: Ball 1-1: Ground out 4-3 (Groundball, 4, EV 86.2 MPH)
|
Batting: RHB Matt Martin
|
0-0: Foul Ball, location: 2F 0-1: Ball 1-1: Ball 2-1: Fly out, F7 (Flyball, 7, EV 96.9 MPH)
|
Top of the 2nd over - 0 runs, 0 hits, 0 errors, 0 left on base; California State University at Fullerton 0 - University of Miami 0 |
BOTTOM OF THE 2ND |
University of Miami Hurricanes batting - Pitching for California State University at Fullerton Titans : RHP Nelson Araujo
|
Batting: RHB Chris Zubia
|
0-0: Ball 1-0: Foul Ball, location: 2F 1-1: Ball 2-1: Ball 3-1: Base on Balls
|
Batting: RHB Burke Miller
|
0-0: Called Strike 0-1: Called Strike 0-2: Ball 1-2: Foul Ball, location: 2F 1-2: Fielders Choice at 2nd, 6-4 (Groundball, 6, EV 78.8 MPH)
|
Batting: RHB Luis Sanchez
|
0-0: Ball 1-0: Ball 2-0: Ball 3-0: Called Strike 3-1: Base on Balls Burke Miller to second
|
Batting: RHB Danny Gallardo
|
0-0: Called Strike 0-1: Foul Ball, location: 2F 0-2: Strikes out swinging
|
Batting: RHB Paul Holland
|
0-0: Foul Ball, location: 2F 0-1: Foul Ball, location: 2F 0-2: Ball 1-2: Foul Ball, location: 2F 1-2: Foul Ball, location: 2F 1-2: Fielders Choice at 2nd, 4-6 (Groundball, 4MD, EV 103.1 MPH)
|
Bottom of the 2nd over - 0 runs, 0 hits, 0 errors, 2 left on base; California State University at Fullerton 0 - University of Miami 0 |
TOP OF THE 3RD |
California State University at Fullerton Titans batting - Pitching for University of Miami Hurricanes : LHP Richard Anderson
|
Batting: RHB Sergio Cervantes
|
0-0: Ball 1-0: Ground out 5-3 (Groundball, 56, EV 80.0 MPH)
|
Batting: LHB Jeremy May
|
0-0: Ball 1-0: Ball 2-0: Called Strike 2-1: Foul Ball, location: 2F 2-2: Ball 3-2: Strikes out looking
|
Batting: RHB Ken Hillman
|
0-0: Swinging Strike 0-1: Swinging Strike 0-2: Ball 1-2: Strikes out looking
|
Top of the 3rd over - 0 runs, 0 hits, 0 errors, 0 left on base; California State University at Fullerton 0 - University of Miami 0 |
BOTTOM OF THE 3RD |
University of Miami Hurricanes batting - Pitching for California State University at Fullerton Titans : RHP Nelson Araujo
|
Batting: LHB Tim Wilton
|
0-0: Fly out, F7 (Line Drive, 7, EV 98.1 MPH)
|
Batting: LHB Hector Salazar
|
0-0: Foul Ball, location: 2F 0-1: Foul Ball, location: 2F 0-2: Ball 1-2: Fly out, F6 (Popup, 6M, EV 60.0 MPH)
|
Batting: LHB Juan Zuniga
|
0-0: Fly out, F7 (Flyball, 78M, EV 82.5 MPH)
|
Bottom of the 3rd over - 0 runs, 0 hits, 0 errors, 0 left on base; California State University at Fullerton 0 - University of Miami 0 |
TOP OF THE 4TH |
California State University at Fullerton Titans batting - Pitching for University of Miami Hurricanes : LHP Richard Anderson
|
Batting: RHB Zach Warwick
|
0-0: Ball 1-0: Foul Ball, location: 2F 1-1: Called Strike 1-2: Ball 2-2: Foul Ball, location: 2F 2-2: Strikes out swinging
|
Batting: LHB Carlos Guadarrama
|
0-0: Ball 1-0: Called Strike 1-1: Ground out 6-3 (Groundball, 6, EV 88.1 MPH)
|
Batting: RHB Brian Stacey
|
0-0: Ground out 6-3 (Groundball, 6, EV 90.6 MPH)
|
Top of the 4th over - 0 runs, 0 hits, 0 errors, 0 left on base; California State University at Fullerton 0 - University of Miami 0 |
BOTTOM OF THE 4TH |
University of Miami Hurricanes batting - Pitching for California State University at Fullerton Titans : RHP Nelson Araujo
|
Batting: SHB Taylor Shelton
|
0-0: Called Strike 0-1: Called Strike 0-2: Foul Ball, location: 2F 0-2: Foul Ball, location: 2F 0-2: Ball 1-2: Foul Ball, location: 2F 1-2: Ball 2-2: Ball 3-2: DOUBLE (Flyball, 78D, EV 100.0 MPH)
|
Batting: RHB Chris Zubia
|
0-0: Ball 1-0: Foul Ball, location: 2F 1-1: Ball 2-1: Ground out 6-3 (Groundball, 56, EV 80.6 MPH)
|
Batting: RHB Burke Miller
|
0-0: Ball 1-0: Called Strike 1-1: Ground out 5-3 (Groundball, 56, EV 85.6 MPH)
|
Batting: RHB Luis Sanchez
|
0-0: Called Strike 0-1: Ground out 4-3 (Groundball, 4S, EV 87.5 MPH)
|
Bottom of the 4th over - 0 runs, 1 hit, 0 errors, 1 left on base; California State University at Fullerton 0 - University of Miami 0 |
TOP OF THE 5TH |
California State University at Fullerton Titans batting - Pitching for University of Miami Hurricanes : LHP Richard Anderson
|
Batting: SHB Jonathan Jacob
|
0-0: Foul Ball, location: 2F 0-1: Called Strike 0-2: Strikes out looking
|
Batting: LHB Jim Snell
|
0-0: Ball 1-0: Foul Ball, location: 2F 1-1: Swinging Strike 1-2: Ball 2-2: Fly out, F9 (Flyball, 89D, EV 98.1 MPH)
|
Batting: RHB Matt Martin
|
0-0: Ball 1-0: Ball 2-0: Called Strike 2-1: Ball 3-1: Ground out U3 (Groundball, 34, EV 83.1 MPH)
|
Top of the 5th over - 0 runs, 0 hits, 0 errors, 0 left on base; California State University at Fullerton 0 - University of Miami 0 |
BOTTOM OF THE 5TH |
University of Miami Hurricanes batting - Pitching for California State University at Fullerton Titans : RHP Nelson Araujo
|
Batting: RHB Danny Gallardo
|
0-0: Ball 1-0: Fly out, F9 (Flyball, 89D, EV 109.4 MPH)
|
Batting: RHB Paul Holland
|
0-0: Called Strike 0-1: Swinging Strike 0-2: Hit by Pitch
|
Batting: LHB Tim Wilton
|
0-0: Ball 1-0: Ball 2-0: Called Strike 2-1: Swinging Strike 2-2: Foul Ball, location: 2F 2-2: Foul Ball, location: 2F 2-2: Strikes out swinging
|
Batting: LHB Hector Salazar
|
0-0: Ball 1-0: Ball 2-0: Fielders Choice at 2nd, 5-4 (Groundball, 5, EV 89.4 MPH)
|
Bottom of the 5th over - 0 runs, 0 hits, 0 errors, 1 left on base; California State University at Fullerton 0 - University of Miami 0 |
TOP OF THE 6TH |
California State University at Fullerton Titans batting - Pitching for University of Miami Hurricanes : LHP Richard Anderson
|
Batting: RHB Sergio Cervantes
|
0-0: Ball 1-0: Ball 2-0: Foul Ball, location: 2F 2-1: Ground out 5-3 (Groundball, 25, EV 80.6 MPH)
|
Batting: LHB Jeremy May
|
0-0: Ground out 4-3 (Groundball, 4MD, EV 93.8 MPH)
|
Batting: RHB Ken Hillman
|
0-0: Foul Ball, location: 2F 0-1: Swinging Strike 0-2: Strikes out swinging
|
Top of the 6th over - 0 runs, 0 hits, 0 errors, 0 left on base; California State University at Fullerton 0 - University of Miami 0 |
BOTTOM OF THE 6TH |
University of Miami Hurricanes batting - Pitching for California State University at Fullerton Titans : RHP Nelson Araujo
|
Pitching: RHP Jorge Garza
|
|
Batting: LHB Juan Zuniga
|
0-0: Bunt missed! 0-1: Ball 1-1: Foul Ball, location: 2F 1-2: Strikes out swinging
|
Batting: SHB Taylor Shelton
|
0-0: Called Strike 0-1: Ground out 6-3 (Groundball, 6, EV 86.2 MPH)
|
Batting: RHB Chris Zubia
|
0-0: Foul Ball, location: 2F 0-1: Ball 1-1: Ground out U3 (Groundball, 3, EV 78.1 MPH)
|
Bottom of the 6th over - 0 runs, 0 hits, 0 errors, 0 left on base; California State University at Fullerton 0 - University of Miami 0 |
TOP OF THE 7TH |
California State University at Fullerton Titans batting - Pitching for University of Miami Hurricanes : LHP Richard Anderson
|
Batting: RHB Zach Warwick
|
0-0: Fly out, F8 (Flyball, 8LS, EV 87.5 MPH)
|
Batting: LHB Carlos Guadarrama
|
0-0: Foul Ball, location: 2F 0-1: Called Strike 0-2: Ball 1-2: Ball 2-2: Fly out, F4 (Line Drive, 4, EV 68.1 MPH)
|
Batting: RHB Brian Stacey
|
0-0: Ball 1-0: Foul Ball, location: 2F 1-1: Ground out 6-3 (Groundball, 6, EV 104.4 MPH)
|
Top of the 7th over - 0 runs, 0 hits, 0 errors, 0 left on base; California State University at Fullerton 0 - University of Miami 0 |
BOTTOM OF THE 7TH |
University of Miami Hurricanes batting - Pitching for California State University at Fullerton Titans : RHP Jorge Garza
|
Pitching: RHP Alex Mendoza
|
|
Pinch Hitting: RHB Sam Costello
|
0-0: Called Strike 0-1: Ground out 6-3 (Groundball, 6, EV 81.2 MPH)
|
Batting: RHB Leonardo Morales
|
0-0: Ball 1-0: Foul Ball, location: 2F 1-1: Ground out 5-3 (Groundball, 56, EV 83.1 MPH)
|
Pinch Hitting: RHB Drew Morgenstern
|
0-0: Ball 1-0: Foul Ball, location: 2F 1-1: Foul Ball, location: 2F 1-2: Ball 2-2: Ground out 6-3 (Groundball, 6, EV 98.8 MPH)
|
Bottom of the 7th over - 0 runs, 0 hits, 0 errors, 0 left on base; California State University at Fullerton 0 - University of Miami 0 |
TOP OF THE 8TH |
California State University at Fullerton Titans batting - Pitching for University of Miami Hurricanes : LHP Richard Anderson
|
Pitching: RHP Juan Peralez
|
|
Now at SS: Tu Vo
|
|
Now in LF: Brian Woods
|
|
Batting: SHB Jonathan Jacob
|
0-0: Called Strike 0-1: Foul Ball, location: 2F 0-2: Foul Ball, location: 2F 0-2: Strikes out swinging
|
Batting: LHB Jim Snell
|
0-0: Swinging Strike 0-1: Called Strike 0-2: Strikes out looking
|
Batting: LHB John Blumberg
|
0-0: Hit by Pitch
|
Pinch Hitting: LHB B.J. Ferguson
|
0-0: Ball 1-0: Ball 2-0: Foul Ball, location: 2F 2-1: Fly out, F9 (Flyball, 9, EV 98.8 MPH)
|
Top of the 8th over - 0 runs, 0 hits, 0 errors, 1 left on base; California State University at Fullerton 0 - University of Miami 0 |
BOTTOM OF THE 8TH |
University of Miami Hurricanes batting - Pitching for California State University at Fullerton Titans : RHP Alex Mendoza
|
Now at 2B: Felipe Lara
|
|
Pinch Hitting: LHB Addergoole Kartosuwiryo
|
0-0: Called Strike 0-1: Ball 1-1: Called Strike 1-2: Ball 2-2: Ball 3-2: Foul Ball, location: 2F 3-2: Base on Balls
|
Batting: LHB Tim Wilton
|
0-0: Called Strike Addergoole Kartosuwiryo steals 2nd, throwing error, E2 Addergoole Kartosuwiryo to third 0-1: Bunted foul 0-2: Ball 1-2: Ground out 6-3 (Groundball, 6, EV 91.9 MPH)
|
Batting: LHB Hector Salazar
|
0-0: DOUBLE (Line Drive, 89D, EV 105.6 MPH) Addergoole Kartosuwiryo scores
|
Batting: LHB Juan Zuniga
|
0-0: Ball Hector Salazar steals 3rd base 1-0: Squeeze Bunt to 23 - play home, runner scores, batter safe! Hector Salazar scores
|
Batting: SHB Taylor Shelton
|
0-0: Ball 1-0: Ball 2-0: Called Strike 2-1: Ball 3-1: Called Strike 3-2: Strikes out swinging
|
Pinch Hitting: LHB Jose Lopez
|
0-0: Ball Juan Zuniga is caught stealing 2nd base 2-6
|
Bottom of the 8th over - 2 runs, 1 hit, 1 error, 0 left on base; California State University at Fullerton 0 - University of Miami 2 |
TOP OF THE 9TH |
California State University at Fullerton Titans batting - Pitching for University of Miami Hurricanes : RHP Juan Peralez
|
Pitching: RHP Raymilson La Arena
|
|
Now at 1B: Brian Woods
|
|
Now at 2B: Brian Bell
|
|
Now at 3B: Addergoole Kartosuwiryo
|
|
Now in LF: Jonathan Gardner
|
|
Now in RF: Jose Lopez
|
|
Pinch Hitting: RHB Justin Thomas
|
0-0: Called Strike 0-1: Ball 1-1: Foul Ball, location: 2F 1-2: Foul Ball, location: 2F 1-2: Foul Ball, location: 2F 1-2: Foul Ball, location: 2F 1-2: SINGLE (Groundball, 6D, EV 100.6 MPH)
|
Pinch Hitting: RHB Joe McKinzie
|
0-0: Swinging Strike 0-1: Called Strike 0-2: Strikes out swinging
|
Pinch Hitting: RHB Simon Sultzbach
|
0-0: Foul Ball, location: 2F 0-1: Ball 1-1: Fielders Choice at 2nd, 6-4 (Groundball, 6M, EV 95.0 MPH)
|
Pinch Hitting: LHB Steve Lane
|
0-0: Ball 1-0: Foul Ball, location: 2F 1-1: Foul Ball, location: 2F 1-2: Strikes out swinging
|
Top of the 9th over - 0 runs, 1 hit, 0 errors, 1 left on base; California State University at Fullerton 0 - University of Miami 2 |
|